 Dungeon Sprint DCSS version 0.30-a0-862-g1aabd4f9c5 (webtiles) character file.

Game seed: 7730417400027733702

25951 rocky1 the Blocker (level 13, -7/171 HPs)
             Began as a Gnoll Fighter on Mar 10, 2023.
             Was the Champion of Qazlal.
             Killed from afar by a blizzard demon (25 damage)
             ... with a bolt of lightning
             ... in the Dungeon (Sprint V: "Ziggurat Sprint").
             The game lasted 00:20:27 (2565 turns).

rocky1 the Blocker (Gnoll Fighter)                  Turns: 2565, Time: 00:20:28

Health: -7/171     AC: 31    Str: 31    XL:     13   Next: 22%
Magic:  30/30      EV: 12    Int:  6    God:    Qazlal [******]
Gold:   0          SH: 23    Dex: 15    Spells: 38/38 levels left

rFire   + . .      SeeInvis +    G - +5 demon trident (elec)
rCold   + + +      Faith    .    L - +2 buckler {rC+}
rNeg    + + .      Spirit   .    c - +5 gold dragon scales
rPois   +          Reflect  +    (no helmet)
rElec   .          Rampage  +    (no cloak)
rCorr   .          NoTele   +    B - +1 pair of gloves {Stlth+}
Will    .....                    v - +2 pair of boots {rampage} Stlth
                                 P - amulet "Likhluwid" {Reflect rN+ Str+3 Dex+3 SH+5 Stlth+}
HPRegen 0.48/turn                J - ring of Cuifet {rPois Str+4 Int-2 SInv Stlth+}
MPRegen 0.22/turn                a - ring of Kewk {rN+ Str+4}

@: berserking, protected from cold, repel missiles, very quick
A: fangs 1, strong nose, distributed training
a: Renounce Religion, Upheaval, Elemental Force, Disaster Area


You were in the Dungeon.
You worshipped Qazlal.
Qazlal was exalted by your worship.
You visited 1 branch

Inventory:

Hand Weapons
 b - the +7 trident of the Apocalypse {flame, Dex+2}
   (You found it in the Dungeon)

   Dex:       It affects your dexterity (+2).
 x - the +9 glaive "Onaud" {holy, Fragile rN+ Will+ SInv}
   (You found it in the Dungeon)

   rN:        It protects you from negative energy.
   SInv:      It lets you see invisible.
   Fragile:   It will be destroyed if unequipped.
   Will:      It increases your willpower.
 z - a +2 vampiric lajatang
 G - a +5 demon trident of electrocution (weapon)
 H - the +7 lajatang of Order {silver, rMut}
   (You found it in the Dungeon)

   rMut:      It protects you from mutation.
Armour
 c - +5 gold dragon scales (worn)
 v - a +2 pair of boots of rampaging (worn)
 w - a +0 pair of gloves of hurling
 y - the +3 leather armour of the Great Game {rPois}
   (You found it in the Dungeon)

   rPois:     It protects you from poison.
 B - a +1 pair of gloves of stealth (worn)
 C - a +3 kite shield
 D - a +3 tower shield
 E - a +3 buckler
 F - a +5 plate armour
 L - a +2 buckler of cold resistance (worn)
 R - the +2 helmet of Pandemonium {+Inv rCorr}
   (You found it in the Dungeon)

   +Inv:      It lets you turn invisible.
   rCorr:     It protects you from acid and corrosion.
 S - the +3 hat of Pondering {ponderous, Will+ MP+10 Int+5}
   (You found it in the Dungeon)

   Int:       It affects your intelligence (+5).
   MP:        It affects your magic capacity (+10).
   Will:      It increases your willpower.
Magical Staves
 N - a staff of fire
Jewellery
 a - the ring of Kewk (right hand) {rN+ Str+4}
   (You found it in the Dungeon)

   [ring of positive energy]

   Str:       It affects your strength (+4).
   rN:        It protects you from negative energy.
 A - a +6 ring of dexterity
 J - the ring of Cuifet (left hand) {rPois Str+4 Int-2 SInv Stlth+}
   (You found it in the Dungeon)

   [ring of see invisible]

   Str:       It affects your strength (+4).
   Int:       It affects your intelligence (-2).
   rPois:     It protects you from poison.
   SInv:      It lets you see invisible.
   Stlth:     It makes you more stealthy.
 P - the amulet "Likhluwid" (around neck) {Reflect rN+ Str+3 Dex+3 SH+5 Stlth+}
   (You found it in the Dungeon)

   [amulet of reflection]

   It reflects blocked missile attacks.
   Str:       It affects your strength (+3).
   Dex:       It affects your dexterity (+3).
   rN:        It protects you from negative energy.
   SH:        It affects your SH (+5).
   Stlth:     It makes you more stealthy.
 Q - the ring "Zajep" {+Blink rPois Will- Dex+4 Slay+4}
   (You found it in the Dungeon)

   [ring of slaying]

   Dex:       It affects your dexterity (+4).
   Slay:      It affects your accuracy & damage with ranged weapons and melee
   (+4).
   rPois:     It protects you from poison.
   +Blink:    It lets you blink.
   Will:      It decreases your willpower.
Wands
 s - a wand of mindburst (7)
 t - a wand of iceblast (3) (quivered)
 u - a wand of acid (7)
Scrolls
 j - a scroll of blinking
 o - 4 scrolls of amnesia
 p - 7 scrolls of fog
 q - 5 scrolls of identify
 r - 2 scrolls of fear
Potions
 d - 6 potions of might
 e - 10 potions of curing
 f - 5 potions of heal wounds
 g - 10 potions of haste
 h - 7 potions of magic
 i - 2 potions of berserk rage
 l - 2 potions of invisibility
 m - 4 potions of resistance
Miscellaneous
 k - a box of beasts
 n - a lightning rod (4/4)
 I - a tin of tremorstones (2/2)
 K - a phantom mirror
 M - a condenser vane
 O - a phial of floods
 T - a phantom mirror
 U - a phantom mirror


   Skills:
 + Level 14.7 Fighting
 + Level 13.3 Short Blades
 + Level 13.3 Long Blades
 + Level 13.3 Axes
 + Level 13.3 Maces & Flails
 + Level 14.1 Polearms
 + Level 13.3 Staves
 + Level 13.3 Ranged Weapons
 + Level 13.3 Throwing
 + Level 14.7 Armour
 + Level 13.3 Dodging
 + Level 13.3 Stealth
 + Level 14.7 Shields
 + Level 13.3 Unarmed Combat
 + Level 13.3 Spellcasting
 + Level 11.3 Conjurations
 + Level 11.3 Hexes
 + Level 11.3 Summonings
 + Level 11.3 Necromancy
 + Level 11.3 Translocations
 + Level 11.3 Transmutations
 + Level 11.3 Fire Magic
 + Level 11.3 Ice Magic
 + Level 11.3 Air Magic
 + Level 11.3 Earth Magic
 + Level 11.3 Poison Magic
 + Level 14.5 Invocations
 + Level 13.3 Evocations


You had 38 spell levels left.
You didn't know any spells.
Your spell library contained the following spells:

 Spells                   Type           Power      Damage    Failure   Level
 Apportation              Tloc           34%        N/A       1%          1
 Magic Dart               Conj           68%        1d6       1%          1
 Summon Small Mammal      Summ           68%        N/A       1%          1
 Cigotuvi's Dreadful Rot  Necr/Pois/Air  34%        N/A       3%          2
 Poisonous Vapours        Pois/Air       34%        N/A       3%          2
 Searing Ray              Conj           34%        2d5       3%          2
 Static Discharge         Conj/Air       34%        2-4/arc   3%          2
 Dazzling Flash           Conj/Hex       34%        N/A       6%          3
 Ignite Poison            Fire/Tmut/Pois 17%        N/A       6%          3
 Mephitic Cloud           Conj/Pois/Air  17%        N/A       6%          3
 Vhi's Electric Charge    Tloc/Air       34%        N/A       6%          3
 Animate Armour           Summ/Erth      34%        N/A       21%         4
 Fulminant Prism          Conj/Hex       8%         3d7       21%         4
 Iskenderun's Mystic Bla  Conj/Tloc      17%        2d5       21%         4
 Olgreb's Toxic Radiance  Pois           17%        N/A       21%         4
 Summon Ice Beast         Ice/Summ       17%        N/A       21%         4
 Alistair's Intoxication  Tmut/Pois      11%        N/A       50%         5
 Arcjolt                  Conj/Air       8%         1d18      50%         5
 Borgnjor's Vile Clutch   Necr/Erth      8%         N/A       50%         5
 Lee's Rapid Deconstruct  Erth           8%         3d7*      50%         5
 Lightning Bolt           Conj/Air       8%         1d21      50%         5
 Summon Forest            Summ/Tloc      8%         N/A       50%         5
 Summon Mana Viper        Hex/Summ       17%        N/A       50%         5
 Conjure Ball Lightning   Conj/Air       8%         3x3d6     97%         6
 Eringya's Noxious Bog    Tmut/Pois      8%         N/A       97%         6
 Starburst                Conj/Fire      8%         6d4       97%         6
 Monstrous Menagerie      Summ           8%         N/A       100%        7
 Summon Hydra             Summ           8%         N/A       100%        7
 Discord                  Hex            8%         N/A       100%        8
 Disjunction              Tloc           8%         N/A       100%        8


Dungeon Overview and Level Annotations

Branches:
Dungeon (1/1)

Altars:
Ashenzari
Cheibriados
Dithmenos
Elyvilon
Fedhas
Gozag
Hepliaklqana
Kikubaaqudgha
Makhleb
Nemelex Xobeh
Okawaru
Qazlal
Ru
Sif Muna
Trog
Uskayaw
Vehumet
Wu Jian
Xom
Yredelemnul
Zin
The Shining One
Jiyva
Lugonu

Annotations:
D 1 transporter


Innate Abilities, Weirdness & Mutations

You have very sharp teeth.
Your uncanny sense of smell can sniff out nearby items.
Your experience applies equally to all skills.


Message History

Press: ? - help, Shift-Dir - straight line The thunderbolt hits the blizzard demon.
The blizzard demon completely resists.
The blizzard demon is heavily wounded.
The thunderbolt hits the blizzard demon.
The blizzard demon completely resists.
The blizzard demon is lightly wounded.
The thunderbolt hits the frost giant!!
The frost giant is almost dead.
The frost giant is engulfed in poison gas.
The frost giant looks as sick as possible!
You kill the frost giant!
Qazlal accepts your kill. The blizzard demon gestures at you.
The bolt of cold hits you. You resist.
* * * LOW HITPOINT WARNING * * *
The blizzard demon closely misses you. You block the blizzard demon's attack.
Your lightning rod (4/4) has regained two charges.
Your Polearms skill increases to level 14!
Unknown command.
Unknown command.
You feel much better.
You block the blizzard demon's attack. x2
The blizzard demon barely misses you.
The blizzard demon hits you but does no damage.
A red film seems to cover your vision as you go berserk!
You feel yourself moving faster!
You feel mighty!
You block the blizzard demon's attack. x3; The blizzard demon hits you.
* * * LOW HITPOINT WARNING * * *
You spit the blizzard demon like a pig!!!
You kill the blizzard demon!
Qazlal accepts your kill.
Unknown command.
You closely miss the blizzard demon. Your bite misses the blizzard demon.
The blizzard demon is heavily wounded.
The blizzard demon waves its arms in wide circles.
The air twists around and strikes you!!
* * * LOW HITPOINT WARNING * * *
The blizzard demon gestures at you. The bolt of lightning misses you.
The bolt of lightning hits you!!
You die...

▓.....▓. ▓..©..▓.
▓▓▓▓▓▓▓▓▓ ▓..8©8...
▓.=).}... ▓..!|....
▓▓▓▓▓▓▓▓▓▓▓▓▓........
▓..°.8©8....▓...÷....
▓..○@○§§}|..▓.▓....▓.
▓.○.22§§§§..▓...©....
∆
▓.°§§§§§§§..▓▓▓▓▓▓▓▓▓
∆
▓..§§§§§§§..▓...8©8..
▓..§§§.§§§..▓..".....
▓...§§..§§..▓....[...
▓...........▓........
▓..▓.....▓..▓........
▓...........▓...†....


You could see 2 blizzard demons.

Vanquished Creatures
  2 deep elf blademasters (D)
  3 frost giants (D)
  A vault warden (D)
  3 very ugly things (D)
  A deep elf annihilator (D)
  An ironbound thunderhulk (D)
  A blizzard demon (D)
  4 vault guards (D)
  An anaconda (shapeshifter) (D)
  A dancing weapon (D)
  A deep elf knight (D)
  A death drake (shapeshifter) (D)
  A deep elf pyromancer (D)
  3 deep elf zephyrmancers (D)
  A wolf spider (shapeshifter) (D)
  A harpy (shapeshifter) (D)
  A wolf spider (D)
  An ugly thing (D)
  A black mamba (D)
  A water nymph (shapeshifter) (D)
  A cane toad (shapeshifter) (D)
  2 yaktaurs (D)
  A rime drake (D)
  A komodo dragon (D)
  3 ice devils (D)
  5 polar bears (D)
  A dream sheep (D)
  An air elemental (D)
  3 yaks (D)
  A human (shapeshifter) (D)
  A basilisk (D)
  A hell hound (D)
  2 water moccasins (D)
  A wolf (D)
  2 phantoms (D)
  3 bullfrogs (D)
  An earth elemental (D)
  6 scorpions (D)
  A necrophage (D)
  A crimson imp (D)
  A quasit (D)
  An iron imp (D)
  An orc priest (D)
  2 orc wizards (D)
  3 river rats (D)
  A shadow imp (D)
  3 white imps (D)
  2 adder zombies (D)
  2 adder simulacra (D)
  2 orcs (D)
  A bat zombie (D)
  A ball python skeleton (D)
  A giant cockroach simulacrum (D)
  2 giant cockroach zombies (D)
  A quokka skeleton (D)
92 creatures vanquished.

Vanquished Creatures (collateral kills)
  A deep elf knight (D)
  A skyshark (D)
  A yak (D)
  A water moccasin (D)
4 creatures vanquished.

Vanquished Creatures (others)
  A peacekeeper (D)
  An adder simulacrum (D)
2 creatures vanquished.

Grand Total: 98 creatures vanquished

Notes
Turn   | Place    | Note
-------+----------+-------------------------------------------
     0 | D        | rocky1 the Gnoll Fighter began the quest for the Orb.
     0 | D        | Reached XP level 1. HP: 23/23 MP: 1/1
     0 | D        | Found a shimmering blue altar of Sif Muna.
     0 | D        | Found a bloodstained altar of Trog.
     0 | D        | Found a sacrificial altar of Ru.
     0 | D        | Found a stormy altar of Qazlal.
     0 | D        | Found an iron altar of Okawaru.
     1 | D        | Found a sparkling altar of Nemelex Xobeh.
     1 | D        | Found a blossoming altar of Fedhas.
     1 | D        | Found the +6 Majin-Bo {spellvamp, MP+6 Int+6}
     1 | D        | Found the +27 heavy crossbow "Sniper" {heavy, Acc+∞ SInv}
     1 | D        | Found the +10 dark maul {heavy}
     1 | D        | Found the +15 Maxwell's patent armour {-Cast -Tele rElec
                  | Will+ rCorr}
     1 | D        | Found the +18 shield of the Gong {Loud rN+ Will+ rCorr
                  | EV-5}
     1 | D        | Found the +16 obsidian axe {drain, demonic, Mesm Drain Fly
                  | SInv}
     1 | D        | Found the +7 great mace "Firestarter" {flame, inner flame,
                  | rFlCloud rF++}
     1 | D        | Found the +6 shillelagh "Devastator" {shatter}
     1 | D        | Found the +11 plutonium sword {Contam Stlth-}
     1 | D        | Found the +8 lance "Wyrmbane" {slay drac, rPois rF+ rC+
                  | AC+3}
     1 | D        | Found the +9 sword of Zonguldrok {reap}
     1 | D        | Found the +13 scythe of Curses {drain, curses, Drain}
     1 | D        | Found the +9 sword of Power {lifebolt}
     1 | D        | Found the +7 mace of Variability {chaos, chain chaos}
     1 | D        | Found the +11 Singing Sword {sonic wave}
     1 | D        | Found the +8 storm bow {elec, penet}
     3 | D        | Found a transporter.
     3 | D        | Found an ancient bone altar of Kikubaaqudgha.
     3 | D        | Found a viscous altar of Jiyva.
     3 | D        | Found a corrupted altar of Lugonu.
     3 | D        | Found a hazy altar of Hepliaklqana.
     3 | D        | Found a burning altar of Makhleb.
     3 | D        | Found an opulent altar of Gozag.
    15 | D        | Reached skill level 5 in Polearms
    15 | D        | Reached XP level 2. HP: 31/31 MP: 1/5
    65 | D        | Became a worshipper of Qazlal Stormbringer
   124 | D        | Entered arena 2.
   124 | D        | Found the +7 lajatang of Order {silver, rMut}
   124 | D        | Noticed a phantom
   124 | D        | Found a transporter.
   127 | D        | Killed a phantom
   128 | D        | Reached XP level 3. HP: 36/36 MP: 5/7
   128 | D        | Reached XP level 4. HP: 43/43 MP: 6/9
   166 | D        | Entered arena 3.
   166 | D        | Found a transporter.
   174 | D        | Reached * piety under Qazlal
   175 | D        | Reached XP level 5. HP: 36/48 MP: 10/10
   177 | D        | Reached ** piety under Qazlal
   223 | D        | Got the ring of Cuifet {rPois Str+4 Int-2 SInv Stlth+}
   231 | D        | Entered arena 4.
   231 | D        | Noticed a yak
   231 | D        | Found a transporter.
   234 | D        | Killed a yak
   234 | D        | Reached *** piety under Qazlal
   235 | D        | Reached skill level 5 in Short Blades
   235 | D        | Reached skill level 5 in Long Blades
   235 | D        | Reached skill level 5 in Axes
   235 | D        | Reached skill level 5 in Maces & Flails
   235 | D        | Reached skill level 5 in Staves
   235 | D        | Reached skill level 5 in Ranged Weapons
   235 | D        | Reached skill level 5 in Throwing
   235 | D        | Reached skill level 5 in Dodging
   235 | D        | Reached skill level 5 in Stealth
   235 | D        | Reached skill level 5 in Unarmed Combat
   235 | D        | Reached skill level 5 in Spellcasting
   235 | D        | Reached skill level 5 in Invocations
   235 | D        | Reached skill level 5 in Evocations
   235 | D        | Reached XP level 6. HP: 57/57 MP: 10/13
   259 | D        | Entered arena 5.
   259 | D        | Noticed a hell hound
   259 | D        | Found a transporter.
   262 | D        | Killed a hell hound
   262 | D        | Reached **** piety under Qazlal
   263 | D        | Reached XP level 7. HP: 63/63 MP: 13/15
   633 | D        | Got the amulet "Likhluwid" {Reflect rN+ Str+3 Dex+3 SH+5
                  | Stlth+}
   655 | D        | Entered arena 6.
   655 | D        | Found a transporter.
   762 | D        | Got the ring of Kewk {rN+ Str+4}
   768 | D        | Got the +0 scale mail of Inference {rC+}
   886 | D        | Entered arena 7.
   886 | D        | Found the amulet of the Air {Inacc Air Fly rElec RMsl}
   886 | D        | Noticed a wolf spider
   887 | D        | Found a transporter.
   888 | D        | Reached ***** piety under Qazlal
   889 | D        | Reached skill level 5 in Conjurations
   889 | D        | Reached skill level 5 in Hexes
   889 | D        | Reached skill level 5 in Summonings
   889 | D        | Reached skill level 5 in Necromancy
   889 | D        | Reached skill level 5 in Translocations
   889 | D        | Reached skill level 5 in Transmutations
   889 | D        | Reached skill level 5 in Fire Magic
   889 | D        | Reached skill level 5 in Ice Magic
   889 | D        | Reached skill level 5 in Air Magic
   889 | D        | Reached skill level 5 in Earth Magic
   889 | D        | Reached skill level 5 in Poison Magic
   889 | D        | Killed a wolf spider
   890 | D        | Reached XP level 8. HP: 71/71 MP: 15/18
   902 | D        | Got the Omnibus of Destiny
   929 | D        | Entered arena 8.
   929 | D        | Noticed a rime drake
   929 | D        | Noticed an ice devil
   929 | D        | Noticed a polar bear
   929 | D        | Noticed an ice devil
   932 | D        | Killed a rime drake
   932 | D        | Killed a polar bear
   932 | D        | Reached ****** piety under Qazlal
   933 | D        | Reached skill level 10 in Fighting
   933 | D        | Reached skill level 10 in Armour
   933 | D        | Reached skill level 10 in Shields
   933 | D        | Reached XP level 9. HP: 78/78 MP: 18/20
   934 | D        | Killed an ice devil
   935 | D        | Killed an ice devil
   936 | D        | Found a transporter.
  1281 | D        | Got the amulet "Majefetiq" {Faith -Cast Rampage Fragile
                  | Will+++}
  1284 | D        | Got the +9 glaive "Onaud" {holy, Fragile rN+ Will+ SInv}
  1298 | D        | Entered arena 9.
  1299 | D        | Found a transporter.
  1319 | D        | Got the +7 trident of the Apocalypse {flame, Dex+2}
  1335 | D        | Entered arena 10.
  1335 | D        | Noticed a polar bear
  1335 | D        | Noticed a komodo dragon
  1341 | D        | Killed a komodo dragon
  1342 | D        | Killed a polar bear
  1343 | D        | Reached XP level 10. HP: 83/86 MP: 22/22
  1536 | D        | Found a transporter.
  1543 | D        | Got the Spellbook of the Butterfly
  1545 | D        | Got the +3 leather armour of the Great Game {rPois}
  1573 | D        | Entered arena 11.
  1573 | D        | Noticed a vault guard
  1573 | D        | Noticed a vault guard
  1573 | D        | Noticed a vault guard
  1573 | D        | Noticed an ironbound thunderhulk
  1573 | D        | Noticed a vault guard
  1573 | D        | Noticed a vault warden
  1573 | D        | Noticed a peacekeeper
  1575 | D        | Killed a peacekeeper
  1576 | D        | Reached skill level 10 in Polearms
  1576 | D        | Reached skill level 10 in Invocations
  1577 | D        | Killed a vault guard
  1577 | D        | Killed a vault warden
  1579 | D        | Found a transporter.
  1580 | D        | Killed an ironbound thunderhulk
  1581 | D        | Reached skill level 10 in Short Blades
  1581 | D        | Reached skill level 10 in Long Blades
  1581 | D        | Reached skill level 10 in Axes
  1581 | D        | Reached skill level 10 in Maces & Flails
  1581 | D        | Reached skill level 10 in Staves
  1581 | D        | Reached skill level 10 in Ranged Weapons
  1581 | D        | Reached skill level 10 in Throwing
  1581 | D        | Reached skill level 10 in Dodging
  1581 | D        | Reached skill level 10 in Stealth
  1581 | D        | Reached skill level 10 in Unarmed Combat
  1581 | D        | Reached skill level 10 in Spellcasting
  1581 | D        | Reached skill level 10 in Evocations
  1581 | D        | Reached XP level 11. HP: 45/95 MP: 15/25
  1582 | D        | Killed a vault guard
  1584 | D        | Killed a vault guard
  1584 | D        | Killed a vault guard
  2008 | D        | Entered arena 12.
  2009 | D        | Noticed a skyshark
  2009 | D        | Found a transporter.
  2017 | D        | Killed a skyshark
  2038 | D        | Got the ring "Zajep" {+Blink rPois Will- Dex+4 Slay+4}
  2040 | D        | Got Lairrire's Folio of Coarse Putridity
  2055 | D        | Entered arena 13.
  2055 | D        | Noticed a red very ugly thing
  2055 | D        | Noticed a harpy
  2055 | D        | Noticed a brown ugly thing
  2055 | D        | Noticed an anaconda
  2055 | D        | Noticed a cyan very ugly thing
  2055 | D        | Noticed a brown very ugly thing
  2055 | D        | Noticed a wolf spider
  2057 | D        | Killed a harpy
  2057 | D        | Killed an anaconda
  2057 | D        | Killed a wolf spider
  2057 | D        | Killed a brown ugly thing
  2057 | D        | Identified the +1 plate armour "Ollaq" {rN+}
  2058 | D        | Killed a cyan very ugly thing
  2059 | D        | Reached XP level 12. HP: 105/105 MP: 24/27
  2059 | D        | Killed a red very ugly thing
  2060 | D        | Found the +3 hat of Pondering {ponderous, Will+ MP+10
                  | Int+5}
  2063 | D        | Killed a brown very ugly thing
  2064 | D        | Reached skill level 10 in Conjurations
  2064 | D        | Reached skill level 10 in Hexes
  2064 | D        | Reached skill level 10 in Summonings
  2064 | D        | Reached skill level 10 in Necromancy
  2064 | D        | Reached skill level 10 in Translocations
  2064 | D        | Reached skill level 10 in Transmutations
  2064 | D        | Reached skill level 10 in Fire Magic
  2064 | D        | Reached skill level 10 in Ice Magic
  2064 | D        | Reached skill level 10 in Air Magic
  2064 | D        | Reached skill level 10 in Earth Magic
  2064 | D        | Reached skill level 10 in Poison Magic
  2068 | D        | Found a transporter.
  2243 | D        | Got the +2 helmet of Pandemonium {+Inv rCorr}
  2269 | D        | Entered arena 14.
  2269 | D        | Noticed a deep elf blademaster
  2269 | D        | Noticed a deep elf annihilator
  2270 | D        | Noticed a deep elf blademaster
  2270 | D        | Identified the +0 hand axe of Coonn {protect, Dex+3}
  2270 | D        | Noticed a deep elf knight
  2270 | D        | Noticed a deep elf knight
  2270 | D        | Paralysed by an air elemental for 1 turns
  2271 | D        | Found a transporter.
  2273 | D        | Paralysed by an air elemental for 1 turns
  2275 | D        | Killed a deep elf knight
  2276 | D        | Killed a deep elf knight
  2278 | D        | Killed a deep elf annihilator
  2278 | D        | Killed a deep elf blademaster
  2279 | D        | Killed a deep elf blademaster
  2548 | D        | Entered arena 15.
  2548 | D        | Noticed a blizzard demon
  2548 | D        | Noticed a blizzard demon
  2548 | D        | Noticed a frost giant
  2549 | D        | Noticed a blizzard demon
  2549 | D        | Noticed a frost giant
  2549 | D        | Noticed a frost giant
  2550 | D        | Found a transporter.
  2553 | D        | Reached XP level 13. HP: 59/114 MP: 29/29
  2558 | D        | Killed a frost giant
  2559 | D        | Killed a frost giant
  2561 | D        | Killed a frost giant
  2564 | D        | Killed a blizzard demon
  2565 | D        | Killed from afar by a blizzard demon

Illustrated notes

Levels and vault maps discovered:
D:        sprint_v [room_start, room_1, room_2, room_3, room_4, room_5, room_6,
          room_7, room_8, room_9, room_10, room_11, room_12, room_13, room_14,
          room_15, room_16, room_17, room_18, room_19, room_20, room_21,
          room_22, room_23, room_24, room_25, room_26, room_27]

Skill      XL: |  1  2  3  4  5  6  7  8  9 10 11 12 13 |
---------------+----------------------------------------+-----
Fighting       | 7 8 9 10 11 13 14 | 14.7
Short Blades   | 2 3 5 6 7 8 10 11 12 13 | 13.3
Long Blades    | 2 3 5 6 7 8 10 11 12 13 | 13.3
Axes           | 2 3 5 6 7 8 10 11 12 13 | 13.3
Maces & Flails | 2 3 5 6 7 8 10 11 12 13 | 13.3
Polearms       | 5 6 7 8 9 11 12 13 14 | 14.1
Staves         | 2 3 5 6 7 8 10 11 12 13 | 13.3
Ranged Weapons | 2 3 5 6 7 8 10 11 12 13 | 13.3
Throwing       | 2 3 5 6 7 8 10 11 12 13 | 13.3
Armour         | 7 8 9 10 11 13 14 | 14.7
Dodging        | 2 3 5 6 7 8 10 11 12 13 | 13.3
Stealth        | 2 3 5 6 7 8 10 11 12 13 | 13.3
Shields        | 7 8 9 10 11 13 14 | 14.7
Unarmed Combat | 2 3 5 6 7 8 10 11 12 13 | 13.3
Spellcasting   | 2 3 5 6 7 8 10 11 12 13 | 13.3
Conjurations   | 2 3 4 5 6 7 8 9 11 | 11.3
Hexes          | 2 3 4 5 6 7 8 9 11 | 11.3
Summonings     | 2 3 4 5 6 7 8 9 11 | 11.3
Necromancy     | 2 3 4 5 6 7 8 9 11 | 11.3
Translocations | 2 3 4 5 6 7 8 9 11 | 11.3
Transmutations | 2 3 4 5 6 7 8 9 11 | 11.3
Fire Magic     | 2 3 4 5 6 7 8 9 11 | 11.3
Ice Magic      | 2 3 4 5 6 7 8 9 11 | 11.3
Air Magic      | 2 3 4 5 6 7 8 9 11 | 11.3
Earth Magic    | 2 3 4 5 6 7 8 9 11 | 11.3
Poison Magic   | 2 3 4 5 6 7 8 9 11 | 11.3
Invocations    | 2 3 4 5 6 7 8 9 10 12 14 | 14.5
Evocations     | 2 3 5 6 7 8 10 11 12 13 | 13.3

Action                     |  1- 3 |  4- 6 |  7- 9 | 10-12 | 13-15 || total
---------------------------+-------+-------+-------+-------+-------++-------
  Melee: Demon trident     |     2 |    11 |    13 |    20 |     3 ||    49
         Bite              |       |     2 |     1 |     3 |       ||     6
 Invoke: Disaster Area     |       |       |       |     2 |       ||     2
         Elemental Force   |       |       |       |     4 |       ||     4
  Evoke: Wand              |     1 |       |       |     3 |       ||     4
         Tin of tremorston |       |     3 |     5 |     5 |     1 ||    14
         Condenser vane    |       |     1 |     1 |     5 |       ||     7
         Lightning rod     |       |       |     6 |       |     5 ||    11
    Use: Potion            |     1 |       |       |     3 |     3 ||     7
         Scroll            |       |     1 |       |     2 |     1 ||     4
 Armour: Plate armour      |       |     7 |     6 |       |       ||    13
         Gold dragon scale |       |       |       |    23 |     2 ||    25
  Dodge: Dodged            |       |     3 |     1 |    11 |     6 ||    21
         Repelled          |       |       |       |       |     1 ||     1
  Block: Buckler           |     1 |     5 |     9 |    29 |     8 ||    52
         Reflection        |       |       |       |     4 |       ||     4

Table legend: (Time is in decaauts)
 A = Elapsed time spent in this place.
 B = Non-inter-level travel time spent in this place.
 C = Inter-level travel time spent in this place.
 D = Time resting spent in this place.
 E = Time spent auto-exploring this place.
 F = Levels seen in this place.
 G = Mean time per level.
                   A        B        C        D        E       F      G
               +--------+--------+--------+--------+--------+-----+--------+
         Total |   2553 |   2553 |      0 |   1987 |      0 |   1 | 2553.0 |
       Dungeon |   2553 |   2553 |      0 |   1987 |      0 |   1 | 2553.0 |
               +--------+--------+--------+--------+--------+-----+--------+

Top non-repeatable levels by time:
       D: 2553 daAuts
